 Dungeon Crawl Stone Soup version 0.22-a0-455-ga0624bf (webtiles) character file.

1701 iamserjio the Skirmisher (level 9, -12/93 HPs)
             Began as an Ogre Ice Elementalist on June 5, 2018.
             Mangled by Menkaure (22 damage)
             ... on level 7 of the Dungeon.
             The game lasted 00:27:20 (11984 turns).

iamserjio the Skirmisher (Ogre Ice Elementalist)   Turns: 11984, Time: 00:27:21

Health: -12/93     AC:  3    Str: 14    XL:     9   Next: 3%
Magic:  4/13       EV: 10    Int: 19    God:
Gold:   223        SH:  0    Dex:  9    Spells: 8/14 levels left

rFire    . . .     SeeInvis .   i - +0 mace
rCold    . . .     Gourm    .   (no shield)
rNeg     . . .     Faith    .   a - +0 robe
rPois    .         Spirit   .   E - +0 hat
rElec    .         Reflect  .   (no cloak)
rCorr    .         Harm     .   (gloves unavailable)
MR       .....                  (boots unavailable)
Stlth    +.........             (no amulet)
HPRegen  0.25/turn              m - ring of flight
MPRegen  0.13/turn              (no ring)

@: no status effects
A: large, unfitting armour, tough skin 1
a: Evoke Flight


You were on level 7 of the Dungeon.
You were not hungry.

You visited 2 branches of the dungeon, and saw 8 of its levels.

You collected 223 gold pieces.

Inventory:

Hand Weapons
 h - a +0 hand axe
 i - a +0 mace (weapon)
 u - a +0 giant spiked club
 w - the +1 dagger of the Grave {antimagic, rC- Int+4}
   (You found it on level 4 of the Dungeon)

   It reduces the magical energy of the wielder, and disrupts the spells and
   magical abilities of those hit.
   Natural abilities and divine invocations are not affected.
   It affects your intelligence (+4).
   It makes you vulnerable to cold.
 z - a +0 giant club
Missiles
 d - 146 stones
 D - 2 javelins (quivered)
 F - 8 needles of sleeping
Armour
 a - a +0 robe (worn)
 y - a +0 ring mail
 E - a +0 hat (worn)
Magical Staves
 q - an uncursed staff of cold {unknown}
Jewellery
 m - a ring of flight (left hand)
 v - an uncursed amulet of guardian spirit
Wands
 f - a wand of polymorph (9)
Scrolls
 g - 2 scrolls of amnesia
 k - 2 scrolls of remove curse
 l - 4 scrolls of teleportation
 s - 3 scrolls of random uselessness
 x - a scroll of enchant weapon {unknown}
 B - a scroll of magic mapping
 C - a scroll of fog
Potions
 b - 3 potions of heal wounds {unknown}
 e - 3 potions of degeneration
 j - a potion of brilliance {unknown}
 n - 2 potions of curing
 o - 3 potions of agility {unknown}
 p - a potion of berserk rage {unknown}
 r - a potion of ambrosia {unknown}
 t - a potion of flight {unknown}
 A - a potion of lignification {unknown}
Comestibles
 c - 6 rations


   Skills:
 + Level 7.5 Fighting
 * Level 7.3 Maces & Flails
 - Level 2.0 Dodging
 - Level 1.4 Stealth
 - Level 3.0 Spellcasting
 - Level 0.8 Conjurations
 - Level 5.0 Ice Magic


You had 8 spell levels left.
You knew the following spells:

 Your Spells              Type           Power        Failure   Level  Hunger
a - Freeze                Ice            ###.         1%          1    None
b - Ozocubu's Armour      Chrm/Ice       ##......     16%         3    ###....
c - Throw Frost           Conj/Ice       ##....       7%          2    ##.....

Your spell library contained the following spells:

 Spells                   Type           Power        Failure   Level  Hunger
 Summon Ice Beast         Ice/Summ       ##......     47%         4    ####...
 Throw Icicle             Conj/Ice       ##......     41%         4    ####...


Dungeon Overview and Level Annotations

Branches:
Dungeon (7/15)             Temple (1/1) D:4

Altars:
Ashenzari
Cheibriados
Dithmenos
Elyvilon
Fedhas
Gozag
Hepliaklqana
Makhleb
Okawaru
Qazlal
Ru
Sif Muna
Trog
Uskayaw
Vehumet
Wu Jian
Xom
Yredelemnul
Zin
The Shining One

Shops:
D:4 %

Annotations:
D:5 1 exclusion
D:7 Menkaure


Innate Abilities, Weirdness & Mutations

You are too large for most types of armour.
You have tough skin. (AC +1)


Message History

Press: ? - help, Shift-Dir - straight line, f/p - Menkaure
Aim: Menkaure (lightly damaged, fast)
You freeze Menkaure.
Menkaure resists.
Menkaure is moderately damaged.
Menkaure hits you.
You hit Menkaure but do no damage.
Menkaure is moderately damaged.
Menkaure hits you!! x2
* * * LOW HITPOINT WARNING * * *
You hit Menkaure.
Menkaure is moderately damaged.
Menkaure gestures at you while chanting.
Pain shoots through your body!
* * * LOW HITPOINT WARNING * * *
Evoke which item? (* to show all) (? for menu, Esc to quit)
Okay, then.
You feel better. Menkaure hits you!
* * * LOW HITPOINT WARNING * * *
You feel better. Menkaure hits you!!
You die...

.>..o........
... .......<.#
..
#.....o.l....
..
.......oo.##.#
#. ......###.#
# #. .......
.# ##.##.#....
..
#####...M.#..F
.. .......@#
... ...
........#
........#
........#
........#
###..#### ...
#.#.


You could see Menkaure.

Vanquished Creatures
  An orc warrior (D:6)
  A sky beast (D:5)
  A necrophage (D:6)
  3 ogres
  2 phantoms (D:6)
  A boggart (D:5)
  3 bullfrogs
  The ghost of junkhipster the Shield-Bearer, a weakling DDFi (D:3)
  A crimson imp (D:6)
  2 hounds
  A jelly (D:5)
  2 bullfrog skeletons
  2 orc priests (D:7)
  Ijyb (D:3)
  4 worker ants
  A hound zombie (D:6)
  2 hound skeletons (D:4)
  A river rat (D:5)
  10 adders
  An ooze (D:6)
  An adder skeleton (D:4)
  5 worms
  2 dart slugs
  7 leopard geckos
  14 orcs
  A ball python (D:3)
  5 bats
  8 giant cockroaches
  8 goblins
  7 hobgoblins
  15 jackals
  7 quokkas
  4 frilled lizards
  7 kobolds
  2 quokka zombies
  13 rats
147 creatures vanquished.

Vanquished Creatures (others)
  A plant (D:5)
1 creature vanquished.

Grand Total: 148 creatures vanquished

Notes
Turn   | Place    | Note
-------+----------+-------------------------------------------
     0 | D:1      | iamserjio the Ogre Ice Elementalist began the quest for the Orb.
     0 | D:1      | Reached XP level 1. HP: 16/16 MP: 3/3
   377 | D:1      | Reached XP level 2. HP: 26/26 MP: 2/5
   694 | D:1      | Reached skill level 1 in Fighting
  1112 | D:2      | Reached XP level 3. HP: 29/33 MP: 4/7
  1218 | D:2      | Found a shattered altar of Ashenzari.
  1546 | D:2      | Reached skill level 1 in Maces & Flails
  2019 | D:2      | Reached XP level 4. HP: 11/42 MP: 1/8
  2328 | D:2      | Found a basalt altar of Yredelemnul.
  2331 | D:2      | Found a stormy altar of Qazlal.
  2334 | D:2      | Found an iron altar of Okawaru.
  2924 | D:3      | Found a hide-covered altar of Uskayaw.
  3017 | D:3      | Reached XP level 5. HP: 35/50 MP: 4/9
  3025 | D:3      | Noticed Ijyb
  3295 | D:3      | Noticed junkhipster's ghost (weakling DDFi)
  3669 | D:2      | Learned a level 3 spell: Ozocubu's Armour
  3672 | D:2      | Learned a level 2 spell: Throw Frost
  4334 | D:4      | Got a pitted dagger
  4362 | D:4      | Identified the cursed +1 dagger of the Grave {antimagic, rC- Int+4} (You found it on level 4 of the Dungeon)
  4561 | D:4      | Noticed an ogre
  4779 | D:3      | Killed Ijyb
  4779 | D:3      | Reached XP level 6. HP: 61/61 MP: 4/10
  4793 | D:3      | Killed junkhipster's ghost
  5340 | D:4      | Noticed a phantom
  5788 | D:4      | Found a staircase to the Ecumenical Temple.
  5797 | Temple   | Entered the Ecumenical Temple
  6072 | D:4      | Found Rale's Food Emporium.
  6108 | D:4      | Reached XP level 7. HP: 59/71 MP: 4/11
  6559 | D:5      | Entered Level 5 of the Dungeon
  7019 | D:5      | Found a glowing drain.
  7054 | D:5      | Reached skill level 5 in Fighting
  7153 | D:5      | Found a shadowy altar of Dithmenos.
  7542 | D:5      | Reached skill level 5 in Maces & Flails
  8052 | D:5      | Reached XP level 8. HP: 66/81 MP: 7/12
  9218 | D:6      | Reached skill level 5 in Ice Magic
 10406 | D:6      | Found an opulent altar of Gozag.
 11514 | D:6      | Reached XP level 9. HP: 19/85 MP: 5/13
 11975 | D:7      | Noticed Menkaure
 11984 | D:7      | Mangled by Menkaure

Vault maps used:
D:1:      dpeg_arrival_fog
D:2:      ashenzari_conservatory_becter, grunt_temple_overflow_diamond
D:3:      lemuel_doored_altar, first_ration, st_stairs_4, uniq_ijyb
D:4:      minmay_temple_entry_junction, serial_shops, shop
D:5:      cheibrodos_two_vegetables, portal_sewer_entry_a,
          serial_bayou_lagoon_a, nicolae_dithmenos_the_darkroom
D:6:      nicolae_gozag_cash_rules_everything_around_me
D:7:      gammafunk_temple_overflow_wave, serial_shops,
          nicolae_shop_window_shopping, basic_altar, uniq_menkaure
Temple:   nicolae_temple_great_sept

Skill      XL: |  1  2  3  4  5  6  7  8 |
---------------+-------------------------+-----
Dodging        | 2 |  2.0
Ice Magic      | 3 4 5 |  5.0
Fighting       | 1 2 3 4 5 7 |  7.5
Maces & Flails | 1 2 4 5 7 |  7.3
Spellcasting   | 3 |  3.0
Stealth        | |  1.4
Conjurations   | |  0.8

Action                   |  1- 3 |  4- 6 |  7- 9 || total
-------------------------+-------+-------+-------++-------
Melee: Unarmed           |     3 |     6 |       ||     9
       Mace              |    36 |   148 |   208 ||   392
       Hand axe          |     3 |       |       ||     3
       Dagger            |       |     2 |       ||     2
Throw: Stone             |       |     1 |     9 ||    10
       Javelin           |       |       |     4 ||     4
 Cast: Freeze            |    51 |    98 |    90 ||   239
       Throw Frost       |       |     4 |    14 ||    18
       Ozocubu's Armour  |       |     2 |     1 ||     3
Evoke: Wand              |       |       |     2 ||     2
  Use: Scroll            |       |     6 |     6 ||    12
       Potion            |       |       |     2 ||     2
 Stab: Sleeping          |     2 |     1 |     4 ||     7
  Eat: Chunk             |     3 |    10 |     6 ||    19
       Ration            |       |     1 |     4 ||     5
Armor: Robe              |    24 |    66 |    63 ||   153
       Skin              |       |     1 |       ||     1
Dodge: Dodged            |    47 |   148 |   143 ||   338

Table legend:
 A = Spawn XP
 B = Non-spawn XP
 C = Spawn XP percentage of total XP
 D = Spawn monster count
 E = Non-spawn monster count
 F = Spawn count percentage of total count
 G = Total turns spent on level
                    A         B        C        D         E        F      G
               +---------+---------+-------+---------+---------+-------+---------
         Total |       0 |    2431 |   0.0 |       0 |     147 |   0.0 | 11984
               +---------+---------+-------+---------+---------+-------+---------
           D:1 |       0 |      33 |   0.0 |       0 |      18 |   0.0 |  1108
           D:2 |       0 |      60 |   0.0 |       0 |      24 |   0.0 |  1562
           D:3 |       0 |     218 |   0.0 |       0 |      40 |   0.0 |  1537
           D:4 |       0 |     336 |   0.0 |       0 |      19 |   0.0 |  2875
           D:5 |       0 |     735 |   0.0 |       0 |      22 |   0.0 |  1980
           D:6 |       0 |     964 |   0.0 |       0 |      21 |   0.0 |  2797
           D:7 |       0 |      85 |   0.0 |       0 |       3 |   0.0 |    29
               +---------+---------+-------+---------+---------+-------+---------
